AoeStats
← FoxStew

Black Forest

506724331Analyzed
1v1 RM · 17d ago on Sep 14, 2026· 29m 41s· 2 players
Game mode
Random Map
Map size
Tiny (2 player)
Population
200
Speed
Normal
Resources
Standard
Victory
Conquest
Starting age
Dark Age
Ending age
Imperial Age
RankedLock teamsTeams togetherTeam positionsShared explorationLock speedFull tech treeHidden civsTurbo modeCheats
Victory
Defeat
🇸🇪 Japanese · Sweden
562
+17
🇬🇧 Cumans · United Kingdom
584
-17
nels
8:12 Loom
11:22 Feudal Age
12:28 Horse Collar
14:27 Gold Mining
14:30 Stone Mining
14:40 Double-Bit Axe
23:53 Castle Age
FoxStew
0:29 Loom
12:53 Feudal Age
13:53 Double-Bit Axe
14:10 Man-at-Arms
16:17 Forging
31:02 Castle Age
Connection lost

Rejoining the realm…

Still unreachable

The connection could not be restored.

Session expired

The server has moved on; the page needs a fresh start.